 Dungeon Crawl Stone Soup version 0.25-a0-166-g16436c4 (webtiles) character file.

Game seed: 4169652875841735140, levelgen mode: deterministic

6839 TheGoonsmith the Cleaver (level 11, -26/95 HPs)
             Began as a Hill Orc Abyssal Knight on Nov 23, 2019.
             Was an Elder of Lugonu.
             Killed from afar by a fire dragon (37 damage)
             ... with a blast of flame
             ... on level 10 of the Dungeon.
             The game lasted 00:19:43 (14503 turns).

TheGoonsmith the Cleaver (Hill Orc Abyssal Knight) Turns: 14503, Time: 00:19:44

Health: -26/95     AC: 14    Str: 24    XL:     11   Next: 5%
Magic:  2/17       EV:  9    Int: 12    God:    Lugonu [****..]
Gold:   486        SH:  0    Dex: 10    Spells: 10/10 levels left

rFire    . . .     SeeInvis .   x - +0 battleaxe
rCold    . . .     Gourm    +   (shield currently unavailable)
rNeg     . . .     Faith    .   m - +0 chain mail
rPois    .         Spirit   .   y - +0 helmet
rElec    +         Reflect  .   B - +1 cloak {MR+}
rCorr    .         Harm     .   (no gloves)
MR       ++...     Clarity  +   (no boots)
Stlth    ..........             e - amulet of the gourmand
HPRegen  0.00/turn              n - ring of protection from magic
MPRegen  0.15/turn              (no ring)

@: mighty, lightly drained
A: clarity, electricity resistance, inhibited regeneration
a: Depart the Abyss, Bend Space, Banish, Corrupt, Renounce Religion


You were on level 10 of the Dungeon.
You worshipped Lugonu.
Lugonu was greatly pleased with you.
You were full.

You visited 1 branch of the dungeon, and saw 10 of its levels.
You visited the Abyss 1 time.
You also visited: Sewer.

You collected 486 gold pieces.

Inventory:

Hand Weapons
 a - a +2 hand axe
 x - a +0 battleaxe (weapon)
Armour
 m - a +0 chain mail (worn)
 w - a +3 leather armour of fire resistance
 y - a +0 helmet (worn)
 B - a +1 cloak of magic resistance (worn)
Jewellery
 e - an amulet of the gourmand (around neck)
 n - a ring of protection from magic (left hand)
 s - an uncursed ring of fire
 u - a cursed amulet of inaccuracy {unknown}
 E - a +2 ring of evasion {unknown}
 I - an uncursed amulet of faith {unknown}
 J - an uncursed amulet of magic regeneration {unknown}
 K - an uncursed ring of wizardry {unknown}
Wands
 p - a wand of paralysis (10)
 t - a wand of disintegration (14)
 v - a wand of iceblast (2)
 z - a wand of random effects (77)
 A - a wand of polymorph (16)
 G - a wand of acid (13)
Scrolls
 b - 3 scrolls of magic mapping
 d - 2 scrolls of teleportation
 f - 9 scrolls of identify
 g - 2 scrolls of blinking
 q - 4 scrolls of fog
 C - 3 scrolls of fear
 D - a scroll of remove curse
 L - a scroll of amnesia {unknown}
 M - a scroll of enchant weapon
 O - a scroll of vulnerability {unknown}
Potions
 i - 2 potions of heal wounds {unknown}
 j - 2 potions of haste {unknown}
 k - a potion of ambrosia {unknown}
 l - 4 potions of flight {unknown}
 o - a potion of lignification {unknown}
 r - a potion of degeneration {unknown}
 F - a potion of resistance {unknown}
 H - 3 potions of brilliance {unknown}
 N - a potion of curing
Comestibles
 c - 26 rations


   Skills:
 + Level 8.9(8.8) Fighting
 * Level 14.9(14.8) Axes
 - Level 7.0(6.9) Armour
 - Level 2.0(1.9) Dodging
 - Level 9.0(8.9) Invocations


You had 10 spell levels left.
You didn't know any spells.
Your spell library contained the following spells:

 Spells                   Type           Power        Failure   Level  Hunger
 Corona                   Hex            #......      90%         1    ##.....
 Infusion                 Chrm           #...         90%         1    ##.....
 Ensorcelled Hibernation  Hex/Ice        #.....       97%         2    ###....
 Shroud of Golubria       Chrm/Tloc      #.....       97%         2    ###....
 Song of Slaying          Chrm           #.......     97%         2    ###....
 Confuse                  Hex            #.......     99%         3    ####...
 Dazzling Spray           Conj/Hex       #.....       99%         3    ####...
 Regeneration             Chrm/Necr      #.........   99%         3    ####...
 Spectral Weapon          Hex/Chrm       #.......     99%         3    ####...
 Tukima's Dance           Hex            #.......     99%         3    ####...
 Bolt of Magma            Conj/Fire/Erth #.........   100%        5    ######.
 Iskenderun's Battlesphe  Conj/Chrm      #.......     100%        5    ######.
 Venom Bolt               Conj/Pois      #.........   100%        5    ######.
 Iron Shot                Conj/Erth      #.........   100%        6    #######
 Orb of Destruction       Conj           #.........   100%        7    #######
 Spellforged Servitor     Conj/Summ      #.........   100%        7    #######


Dungeon Overview and Level Annotations

Branches:
Dungeon (10/15)            Temple (0/1) D:6            Lair (0/6) D:8
  Sewer (visited)
    Orc: D:9-12

Altars:
Cheibriados
Dithmenos
Fedhas
Gozag
Ru
Sif Muna
Trog
Xom

Annotations:
Abyss:1 Blork the orc, Duvessa, Purgy, Sigmund


Innate Abilities, Weirdness & Mutations

You possess an exceptional clarity of mind.
You are resistant to electric shocks. (rElec)
You do not regenerate when monsters are visible.


Message History

The fire dragon claws you but does no damage.
The fire dragon tramples you but does no damage.
You slash the fire dragon!
The fire dragon is moderately wounded.
The fire dragon bites you.
* * * LOW HITPOINT WARNING * * *
The fire dragon claws you.
* * * LOW HITPOINT WARNING * * *
The fire dragon tramples you but does no damage.
You feel very mighty all of a sudden.
The fire dragon bites you but does no damage.
The fire dragon completely misses you. The fire dragon tramples you.
* * * LOW HITPOINT WARNING * * *
You stumble backwards!
Unknown command.
Your chain mail prevents you from hitting the fire dragon.
The fire dragon is moderately wounded.
The fire dragon breathes flames at you. The blast of flame hits you!!!
You die...

.#####..###..#.....##.#
#....#........##.# #
#..#.#.÷..#.####.#
#.#..#......(.#
#.######
#.#...........#
#...?...
.....#........#
#.######
#.#..#.##...### #.#
#########..#.##...# #.#
#D#.#.#.#.#...>D@..##
##.#
#.........#).#.###.#
#..# #####)#####..#.#
#.# #.##
#..........°.#$# #.#
#.# #.#.########.#.#
#.# #.# #.
##.#..##†######.## #
.○○...°.[........#
##☼####.#######..# #☼#
#.# #..#


You could see a fire dragon.

Vanquished Creatures
  2 hippogriffs
  A wyvern (D:8)
  A hungry ghost (D:8)
  Menkaure (D:5)
  A soldier ant (D:10)
  A water moccasin (D:5)
  3 orc warriors
  2 sky beasts
  2 hornet zombies
  2 necrophages
  A black bear (D:8)
  A phantom (D:7)
  4 ogres
  The ghost of heatsphere the Slasher, an amateur DsCK of Nemelex Xobeh (D:4)
  2 centaurs
  3 bullfrogs (D:8)
  A big kobold (D:7)
  2 gnoll sergeants
  4 scorpions
  3 killer bees (D:9)
  A wyvern skeleton (D:7)
  Dowan (D:6)
  2 water moccasin skeletons
  11 wights
  5 howler monkeys
  2 crimson imps
  A centaur zombie (D:8)
  5 hounds
  7 orc wizards
  A centaur skeleton (D:3)
  11 orc priests
  3 bullfrog skeletons
  2 jellies
  A gnoll shaman (D:7)
  2 iguanas
  Crazy Yiuf (D:3)
  Ijyb (D:3)
  Natasha (thrice) (D:3)
  8 worker ants
  A hound zombie (D:5)
  A hound skeleton (D:7)
  12 adders
  24 gnolls
  A shadow imp (D:5)
  2 adder zombies
  3 worms
  7 dart slugs
  4 leopard geckos
  37 orcs
  7 ball pythons
  9 bats
  5 giant cockroaches
  9 hobgoblins
  15 jackals
  10 kobolds
  3 quokkas
  A ball python skeleton (D:6)
  4 frilled lizards
  A giant cockroach zombie (D:6)
  12 goblins
  A jackal skeleton (D:7)
  A leopard gecko zombie (D:6)
  A quokka skeleton (D:8)
  11 rats
288 creatures vanquished.

Vanquished Creatures (others)
  A two-headed ogre (D:7)
  An orc sorcerer (D:10)
  A wyvern (D:10)
  A centaur (D:6)
  2 ogres (D:5)
  A howler monkey (D:10)
  An adder zombie (D:10)
  An orc (D:6)
9 creatures vanquished.

Grand Total: 297 creatures vanquished

Notes
Turn   | Place    | Note
-------+----------+-------------------------------------------
     0 | Abyss:1  | TheGoonsmith the Hill Orc Abyssal Knight began the quest
                  | for the Orb.
     0 | Abyss:1  | Reached XP level 1. HP: 19/19 MP: 2/2
    13 | Abyss:1  | Found a corrupted altar of Lugonu.
    47 | Abyss:1  | Noticed a spatial maelstrom
    50 | D:1      | Escaped the Abyss
   107 | D:1      | Reached skill level 3 in Axes
   124 | D:1      | Reached XP level 2. HP: 19/27 MP: 3/3
   125 | D:1      | Reached skill level 1 in Dodging
   217 | D:1      | Reached * piety under Lugonu
   645 | D:1      | Reached XP level 3. HP: 31/33 MP: 5/5
  1037 | D:2      | Noticed a scorpion
  1046 | D:2      | Gained mutation: You are resistant to electric shocks.
                  | (rElec) [potion of mutation]
  1046 | D:2      | Gained mutation: You do not regenerate when monsters are
                  | visible. [potion of mutation]
  1046 | D:2      | Gained mutation: You possess an exceptional clarity of
                  | mind. [potion of mutation]
  1048 | D:2      | Killed a scorpion
  1048 | D:2      | Reached skill level 4 in Axes
  1048 | D:2      | Reached XP level 4. HP: 28/40 MP: 6/6
  1171 | D:2      | Found a blossoming altar of Fedhas.
  1466 | D:2      | Found a shimmering altar of Xom.
  1750 | D:2      | Reached skill level 5 in Axes
  1750 | D:2      | Reached XP level 5. HP: 45/46 MP: 7/7
  1768 | D:2      | Reached ** piety under Lugonu
  2576 | D:3      | Reached skill level 6 in Axes
  2581 | D:3      | Reached XP level 6. HP: 16/52 MP: 9/9
  2863 | D:3      | Found a runed translucent door.
  2864 | D:3      | Noticed Crazy Yiuf
  2880 | D:3      | Noticed Ijyb
  2895 | D:3      | Killed Ijyb
  3173 | D:3      | Noticed Natasha
  3187 | D:3      | Killed Natasha
  3187 | D:3      | Reached skill level 5 in Invocations
  3615 | D:3      | Noticed Natasha
  3622 | D:3      | Killed Natasha
  3659 | D:3      | Reached skill level 7 in Axes
  3710 | D:3      | Noticed Natasha
  3720 | D:3      | Killed Natasha
  4030 | D:3      | Reached XP level 7. HP: 54/59 MP: 10/10
  4302 | D:3      | Reached *** piety under Lugonu
  4316 | D:3      | Found a sacrificial altar of Ru.
  4320 | D:3      | Reached skill level 8 in Axes
  4403 | D:3      | Killed Crazy Yiuf
  4564 | D:4      | Found a glowing drain.
  4578 | Sewer    | Entered a sewer
  4601 | Sewer    | Noticed Purgy
  4617 | Sewer    | Banished Purgy
  5010 | D:4      | Reached skill level 9 in Axes
  5099 | D:4      | Found a snail-covered altar of Cheibriados.
  5126 | D:4      | Reached skill level 10 in Axes
  5525 | D:4      | Reached XP level 8. HP: 66/66 MP: 11/11
  5526 | D:4      | Noticed heatsphere's ghost (amateur DsCK)
  5531 | D:4      | Found a runed translucent door.
  5557 | D:4      | Killed heatsphere's ghost
  5888 | D:5      | Entered Level 5 of the Dungeon
  6033 | D:5      | Noticed Menkaure
  6038 | D:5      | Killed Menkaure
  6600 | D:5      | Reached skill level 5 in Fighting
  6689 | D:5      | Noticed Sigmund
  6690 | D:5      | Banished Sigmund
  6932 | D:6      | Found a staircase to the Ecumenical Temple.
  7548 | D:6      | Reached XP level 9. HP: 14/75 MP: 9/14
  7975 | D:6      | Reached skill level 11 in Axes
  7975 | D:6      | Reached skill level 5 in Armour
  8637 | D:6      | Noticed Dowan
  8639 | D:6      | Noticed Duvessa
  8664 | D:6      | Killed Dowan
  8724 | D:6      | Banished Duvessa
  8724 | D:6      | Reached skill level 12 in Axes
  9157 | D:6      | Noticed Blork the orc
  9159 | D:6      | Banished Blork the orc
  9899 | D:7      | Reached **** piety under Lugonu
 10073 | D:7      | Reached XP level 10. HP: 38/84 MP: 15/15
 10461 | D:7      | Found a shadowy altar of Dithmenos.
 10978 | D:7      | Reached skill level 13 in Axes
 10988 | D:7      | Noticed a two-headed ogre
 11057 | D:7      | Banished a two-headed ogre
 12294 | D:8      | Found a staircase to the Lair.
 12312 | D:8      | Found a shimmering blue altar of Sif Muna.
 13098 | D:8      | Noticed a moth of wrath
 13101 | D:8      | Found a bloodstained altar of Trog.
 13178 | D:8      | Reached skill level 14 in Axes
 13263 | D:9      | Found an opulent altar of Gozag.
 13365 | D:9      | Reached ***** piety under Lugonu
 13429 | D:9      | HP: 2/88 [killer bee (4)]
 14172 | D:10     | Entered Level 10 of the Dungeon
 14411 | D:10     | Noticed an orc sorcerer
 14417 | D:10     | Noticed a rust devil
 14418 | D:10     | Banished an orc sorcerer
 14418 | D:10     | Reached XP level 11. HP: 54/95 MP: 17/17
 14442 | D:10     | Noticed a fire dragon
 14503 | D:10     | Killed from afar by a fire dragon

Levels and vault maps discovered:
D:1:      eino_arrival_cavern_b, layout_rooms
D:2:      layout_basic, fedhas_altar_3, overflow_temple_1_default, first_ration,
          grunt_ministairs_12
D:3:      layout_loops_ring, marbit_many_paths, uniq_ijyb, uniq_natasha,
          uniq_crazy_yiuf_cottage
D:4:      layout_loops_ring, cheibriados_altar_1, cheibrodos_sewer_entry_bend,
          hellmonk_ghost_happy_afterlife
D:5:      layout_loops_ring, uniq_sigmund, uniq_menkaure
D:6:      layout_rooms, minmay_temple_entry_statues_pillars,
          minmay_misc_feat_room, uniq_blork_the_orc, uniq_duvessa
D:7:      minmay_chambers_of_fours, layout_layer_cave,
          nicolae_dithmenos_through_a_glass_darkly
D:8:      black_bear_nest_2, layout_loops_ring, kennysheep_little_box, tgw_trog,
          dpeg_oklobed_lair
D:9:      layout_small_grid, nicolae_overflow_crystal_walls, grunt_ogre_cave
D:10:     minmay_the_grid_plus [minmay_the_grid_tri_star,
          minmay_the_grid_broken_lines, minmay_the_grid_slots,
          minmay_the_grid_embedded, minmay_the_grid_prize_trominoes],
          layout_loops_ring, lemuel_flamethrower_2

Skill      XL: |  1  2  3  4  5  6  7  8  9 10 |
---------------+-------------------------------+-----
Axes           | 3 4 5 6 7 10 12 14 | 14.9
Dodging        | 1 2 |  2.0
Fighting       | 4 5 6 8 |  8.9
Invocations    | 3 4 5 6 7 9 |  9.0
Armour         | 3 4 5 7 |  7.0

Action                   |  1- 3 |  4- 6 |  7- 9 | 10-12 || total
-------------------------+-------+-------+-------+-------++-------
Melee: Hand axe          |   101 |   250 |   144 |       ||   495
       Battleaxe         |       |       |   273 |   293 ||   566
Invok: Depart the Abyss  |     1 |       |       |       ||     1
       Banish            |       |       |     9 |     7 ||    16
       Bend Space        |       |       |     3 |     2 ||     5
Evoke: Wand              |       |       |     5 |     1 ||     6
  Use: Potion            |     2 |       |       |     3 ||     5
       Scroll            |       |       |    13 |       ||    13
 Stab: Paralysed         |       |       |     1 |       ||     1
  Eat: Chunk             |       |    10 |    33 |    20 ||    63
       Ration            |       |       |       |     1 ||     1
Armor: Leather armour    |    25 |    42 |   125 |    76 ||   268
       Chain mail        |     2 |    77 |       |    90 ||   169
       Scale mail        |       |       |    42 |       ||    42
Dodge: Dodged            |    57 |   119 |   253 |   159 ||   588

Table legend:
 A = Non-vault XP
 B = Vault XP
 C = Vault XP percentage of total XP
 D = Non-vault monster count
 E = Vault monster count
 F = Vault count percentage of total count
                 A         B        C        D         E       F
            +---------+---------+-------+---------+---------+-------
      Total |    7418 |    2353 |  24.1 |     258 |      39 |  13.1
            +---------+---------+-------+---------+---------+-------
        D:1 |      47 |       0 |   0.0 |      24 |       0 |   0.0
        D:2 |     200 |       3 |   1.5 |      25 |       2 |   7.4
        D:3 |     346 |     109 |  24.0 |      43 |       4 |   8.5
        D:4 |     489 |     124 |  20.2 |      25 |       2 |   7.4
        D:5 |     701 |     260 |  27.1 |      15 |       2 |  11.8
        D:6 |     753 |     194 |  20.5 |      24 |       3 |  11.1
        D:7 |    1396 |     615 |  30.6 |      39 |       6 |  13.3
        D:8 |    2233 |     137 |   5.8 |      40 |       6 |  13.0
        D:9 |     635 |     125 |  16.4 |      11 |       1 |   8.3
       D:10 |     618 |     660 |  51.6 |      12 |       4 |  25.0
      Sewer |       0 |     126 | 100.0 |       0 |       9 | 100.0
            +---------+---------+-------+---------+---------+-------
